 Dungeon Crawl Stone Soup version 0.15.1-1-gfacfea3 (webtiles) character file.

77 Johnny the Chiller (level 3, -4/28 HPs)
             Began as a Demigod Ice Elementalist on Sept 25, 2014.
             Killed by divine providence
             ... invoked by an orc priest
              (8 damage)
             ... on Level 3 of the Dungeon.
             The game lasted 00:04:30 (2217 turns).

Johnny the Chiller (Demigod Ice Elementalist)       Turns: 2217, Time: 00:04:31

HP  -4/28        AC  5     Str 12      XL: 3   Next: 92%
MP   8/8         EV 11     Int 20      God:
Gold 86          SH  0     Dex 16      Spells:  1 memorised,  5 levels left

rFire  . . .     SeeInvis .     t - +0 halberd
rCold  . . .     Clarity  .     u - +0 leather armour
rNeg   . . .     rCorr    .     (no shield)
rPois  .         rRot     .     (no helmet)
rElec  .         Spirit   .     q - +0 cloak
SustAb .         Warding  .     (no gloves)
rMut   .         Stasis   .     n - +0 pair of boots
Gourm  .                        (no amulet)
MR     .....                    (no ring)
                                e - ring of wizardry

@: not resistant to hostile enchantments, unstealthy
A: no striking features
a: no special abilities


You were on level 3 of the Dungeon.
You were not hungry.

You visited 1 branch of the dungeon, and saw 3 of its levels.

You collected 86 gold pieces.

Inventory:

Hand weapons
 g - a +0 club
 l - a +0 short sword
 t - a +0 halberd (weapon)
Armour
 a - a +0 robe
 n - a +0 pair of boots (worn)
 q - a +0 cloak (worn)
 u - a +0 leather armour (worn)
Magical devices
 v - a wand of frost (2)
Comestibles
 c - 3 bread rations
 k - 4 fruits
Scrolls
 d - 3 scrolls of fear {unknown}
 h - a scroll of recharging {unknown}
 i - 2 scrolls of remove curse {unknown}
 j - 2 scrolls of identify {unknown}
 m - a scroll of enchant armour {unknown}
 p - 2 scrolls of fog {unknown}
 s - a scroll of noise {unknown}
Jewellery
 e - a ring of wizardry (left hand)
Potions
 f - 3 potions of curing {unknown}
 o - 2 potions of magic {unknown}
 r - 2 potions of beneficial mutation {unknown}
 w - a potion of poison {unknown}
Books
 b - a book of Frost

   Spells                             Type                      Level
   *Freeze                            Ice                          1
   Throw Frost                        Conjuration/Ice              2
   Ozocubu's Armour                   Charms/Ice                   3
   Throw Icicle                       Conjuration/Ice              4
   Summon Ice Beast                   Ice/Summoning                4
   Condensation Shield                Ice                          4


   Skills:
 * Level 1.2 Fighting
 + Level 1.0 Armour
 * Level 2.1 Dodging
 + Level 2.2 Stealth
 * Level 2.2 Spellcasting
   Level 0.8 Conjurations
 * Level 3.2 Ice Magic


You had 5 spell levels left.
You knew the following spells:

 Your Spells              Type           Power        Failure   Level  Hunger
b - Freeze                Ice            ###.         1%          1    #......


Dungeon Overview and Level Annotations

Branches:
Dungeon (3/15)


Message History

An orc is nearby!
The orc shouts!
An orc comes into view. It is wielding a flail.
An orc priest comes into view. It is wielding a morningstar.
The orc shouts!
You barely miss the orc. The orc hits you with a flail.
The orc priest glows brightly for a moment.
A worm comes into view.
Unknown command.
The orc hits you but does no damage.
The orc priest mumbles some strange prayers to Beogh against you.
Pain shoots through your body!
The orc priest mumbles some strange prayers to Beogh against you.
You barely resist.
The orc priest calls down the wrath of Beogh upon you.
Something smites you!
* * * LOW HITPOINT WARNING * * *
The orc priest invokes the aid of Beogh against you.
Something smites you!
You die...

#.... #...... ##...... .
....... ..###############
#...w.. .........@..o..o.#
#.....# ...............#.#
#.....#
###.....)......#.###.....#
#.######.###..o...o..... #
#.......#....w####...
#.###.#.#.....+ ...
#.....#.#.....# ...
..#######.#.....# ...
..........#'##### ...


You could see an orc priest and 2 orcs.

Vanquished Creatures
  3 gnolls (D:2)
  An adder (D:2)
  A giant mite (D:1)
  A worm (D:2)
  5 bats (D:2)
  A giant cockroach (D:2)
  4 hobgoblins
  5 kobolds
  A giant newt (D:2)
  3 goblins
  4 rats
29 creatures vanquished.

Notes
Turn   | Place    | Note
--------------------------------------------------------------
     0 | D:1      | Johnny, the Demigod Ice Elementalist, began the quest for the Orb.
     0 | D:1      | Reached XP level 1. HP: 14/14 MP: 3/3
   656 | D:1      | Reached XP level 2. HP: 22/22 MP: 2/4
  1103 | D:2      | Reached skill level 1 in Fighting
  1166 | D:2      | Reached XP level 3. HP: 15/28 MP: 3/8
  1225 | D:1      | Reached skill level 3 in Ice Magic
  1866 | D:2      | Found a radiant altar of Vehumet.
  2023 | D:2      | Reached skill level 1 in Armour
  2217 | D:3      | Killed from afar by an orc priest

Action                   || total
-------------------------++-------
Melee: Club              ||     2
       Short sword       ||    25
       Halberd           ||    22
 Cast: Freeze            ||    40
 Stab: Distracted        ||     1
       Sleeping          ||     1
  Eat: Chunk             ||     4
